 Dungeon Crawl Stone Soup version 0.28.0-53-g5a82cb258f (webtiles) character file.

Game seed: 8902549806341334986

16202 raph the Geomancer (level 12, -2/61 HPs)
             Began as a Deep Elf Earth Elementalist on Aug 20, 2022.
             Was an Elder of Hepliaklqana.
             Killed from afar by an electric eel (9 damage)
             ... with a bolt of electricity
             ... on level 2 of the Lair of Beasts.
             The game lasted 00:24:44 (14973 turns).

raph the Geomancer (Deep Elf Earth Elementalist)   Turns: 14973, Time: 00:24:44

Health: -2/61      AC: 12    Str:  5    XL:     12   Next: 8%
Magic:  27/27      EV: 14    Int: 26    God:    Hepliaklqana [****..]
Gold:   198        SH:  0    Dex: 15    Spells: 18/30 levels left

rFire   + . .      SeeInvis .   a - staff of earth
rCold   . . .      Faith    .   (no shield)
rNeg    . . .      Spirit   .   x - +2 leather armour {rF+}
rPois   .          Reflect  .   i - +1 helmet
rElec   .          Harm     .   k - +1 cloak
rCorr   .          Rampage  .   v - +1 pair of gloves
Will    +....                   J - +0 pair of boots
Stlth   ++++......              (no amulet)
HPRegen 0.20/turn               (no ring)
MPRegen 0.20/turn               (no ring)

@: no status effects
A: reduced essence
a: Renounce Religion, Recall Ancestor, Ancestor Identity, Transference, Idealise


You were on level 2 of the Lair of Beasts.
You worshipped Hepliaklqana.
Hepliaklqana was greatly pleased with you.
You visited 3 branches of the dungeon, and saw 12 of its levels.

You collected 653 gold pieces.
You spent 455 gold pieces at shops.

Inventory:

Hand Weapons
 b - a +1 quarterstaff
 e - a +0 short sword
 j - a +2 quarterstaff of chaos
Missiles
 c - 8 stones
 g - a throwing net
 t - 18 poisoned darts
 A - 2 curare-tipped darts
Armour
 i - a +1 helmet (worn)
 k - a +1 cloak (worn)
 v - a +1 pair of gloves (worn)
 x - a +2 leather armour of fire resistance (worn)
 y - +0 steam dragon scales
 J - a +0 pair of boots (worn)
Magical Staves
 a - a staff of earth (weapon)
Wands
 p - a wand of flame (18)
 E - a wand of iceblast (7)
Scrolls
 d - 3 scrolls of vulnerability
 m - 3 scrolls of fear
 q - a scroll of blinking
 r - 2 scrolls of enchant weapon
 w - 4 scrolls of fog
 B - a scroll of amnesia
 F - a scroll of teleportation
 H - a scroll of magic mapping
Potions
 f - 2 potions of lignification
 h - 3 potions of curing
 l - 2 potions of heal wounds
 n - 2 potions of degeneration
 o - 2 potions of flight
 s - 2 potions of brilliance
 u - 2 potions of magic
 z - 2 potions of cancellation
 C - a potion of might
 D - a potion of berserk rage {unknown}
 G - 2 potions of ambrosia
 I - 2 potions of mutation {unknown}


   Skills:
 + Level 5.1 Fighting
 * Level 5.1 Staves
 + Level 8.1 Dodging
 + Level 8.8 Stealth
 - Level 9.6 Spellcasting
 + Level 6.0 Conjurations
 * Level 8.8 Necromancy
 - Level 1.5 Transmutations
 * Level 10.6 Earth Magic
 + Level 0.6 Invocations
 + Level 5.3 Evocations


You had 18 spell levels left.
You knew the following spells:

 Your Spells              Type           Power      Damage    Failure   Level
a - Sandblast             Erth           100%       2d20      1%          1
b - Passwall              Tmut/Erth      50%        N/A       1%          2
c - Stone Arrow           Conj/Erth      100%       3d13      1%          3
d - Corpse Rot            Necr/Air       70%        N/A       1%          2
e - Petrify               Tmut/Erth      61%        N/A       6%          4

Your spell library contained the following spells:

 Spells                   Type           Power      Damage    Failure   Level
 Dispel Undead            Necr           55%        3d20      2%          4
 Poisonous Vapours        Pois/Air       24%        N/A       12%         2
 Gell's Gravitas          Tloc           12%        N/A       24%         3
 Lesser Beckoning         Tloc           12%        N/A       24%         3
 Teleport Other           Tloc           12%        N/A       24%         3
 Death Channel            Necr           27%        N/A       32%         6
 Borgnjor's Revivificati  Necr           27%        N/A       100%        8
 Necromutation            Tmut/Necr      19%        N/A       100%        8
 Death's Door             Necr           27%        N/A       100%        9


Dungeon Overview and Level Annotations

Branches:
Dungeon (9/15)             Temple (1/1) D:4            Lair (2/6) D:9
  Swamp: Lair:2-4    Shoals: Lair:2-4     Snake: Lair:2-4    Spider: Lair:2-4
    Orc: D:9-12

Altars:
Ashenzari
Cheibriados
Dithmenos
Elyvilon
Fedhas
Gozag
Hepliaklqana
Kikubaaqudgha
Makhleb
Nemelex Xobeh
Okawaru
Qazlal
Ru
Sif Muna
Trog
Uskayaw
Vehumet
Wu Jian
Xom
Yredelemnul
Zin
The Shining One

Shops:
D:1 *   D:7 (([*   D:8 !

Annotations:
D:5 3 runed translucent doors, diceflayer's ghost, novice MiFi


Message History

Aim: a cane toad (severely wounded, ally target, 81% to hit)
You feel a surge of power!
The stone arrow hits the cane toad!
You kill the cane toad!
Your Conjurations skill increases to level 6!
You start resting.
Magic restored.
An electric eel is nearby!
An electric eel is nearby!
The electric eel shoots out a bolt of lightning at you!
The bolt of electricity hits you!
The bolt of electricity hits Lucia.
The electric eel shoots out a bolt of lightning at you!
The bolt of electricity hits you! What are your orders? t - Shout!
Orders for allies: a - Attack new target. r - Retreat! s - Stop attacking. g - Guard the area. f - Follow me.
Anything else - Cancel.
Gang up on whom?
Press: ? - help, Dir - move target, f - electric eel
Aim: an electric eel (thin mist, ally target) Attack!
The electric eel shoots out a bolt of lightning at you!
The bolt of electricity hits you!
The electric eel shoots out a bolt of lightning at you!
The bolt of electricity hits Lucia!
The bolt of electricity hits you!
* * * LOW HITPOINT WARNING * * *
The electric eel shoots out a bolt of lightning at you!
The bolt of electricity hits you!
* * * LOW HITPOINT WARNING * * *
Casting: Stone Arrow (safe; 1% risk of failure)
Confirm with . or Enter, or press ? or * to list all spells.
You can't see any susceptible monsters within range! (Use Z to cast anyway.) Lucia hits the electric eel with a +0 flail.
Okay, then.
As you read the scroll of fog, it crumbles to dust.
The scroll dissolves into smoke.
The electric eel shoots out a bolt of lightning at you!
The bolt of electricity hits Lucia.
The bolt of electricity hits you!
You die...

###....... #.........
###....... ##### ##.......
#♣...####P.......
♣......###.......
♣♣♣♣♣♣♣♣♣♣♣♣♣♣♣♣♣...#.......
♣§≈§§SR≈≈≈§§§≈≈≈♣♣♣.........
♣....§@§......⌠........
♣§§....♣..§♣§......⌠........
♣§§§≈≈♣≈≈§♣≈≈≈≈≈♣♣♣.........
♣♣♣♣♣♣♣♣♣♣♣♣♣♣♣♣♣.R...#.....
♣♣.......PP##.....
##...P......##.....
##........#####.....
##........## ##....
#P.......P# #....


You could see the friendly Lucia the knight and an electric eel (ally target).

Vanquished Creatures
  A hydra (Lair:1)
  2 two-headed ogres (D:9)
  2 bog bodies (Lair:2)
  A black mamba (Lair:1)
  6 cane toads
  3 komodo dragons
  2 blink frogs (Lair:2)
  Grinder (D:3)
  A shadow (D:9)
  14 yaks
  A wyvern (D:4)
  A basilisk (Lair:2)
  A steam dragon (D:7)
  A swamp worm (Lair:2)
  An acid dragon (D:9)
  6 water moccasins
  2 orc warriors (D:9)
  A hornet zombie (D:7)
  2 necrophages
  An ice beast (D:5)
  2 ogres
  3 wolves (Lair:2)
  2 centaurs
  A phantom (D:4)
  2 kobold brigands
  Blork the orc (D:4)
  8 bullfrogs
  2 scorpions
  4 killer bees (D:7)
  2 howler monkeys
  2 centaur zombies
  3 hounds
  3 jellies
  Crazy Yiuf (D:2)
  2 orc priests
  A bullfrog skeleton (D:6)
  2 iguanas
  5 orc wizards
  A killer bee zombie (D:7)
  Robin (D:2)
  7 adders
  A gnoll (D:5)
  3 white imps
  An ufetubus (D:5)
  2 worms (D:3)
  4 dart slugs
  15 orcs
  9 bats
  3 endoplasms
  7 giant cockroaches
  13 goblins
  6 hobgoblins
  4 jackals (D:2)
  24 kobolds
  6 quokkas
  A ball python (D:3)
  A frilled lizard (D:1)
  3 rats
208 creatures vanquished.

Vanquished Creatures (collateral kills)
  A cane toad (Lair:2)
  A polar bear (Lair:1)
  3 blink frogs (Lair:2)
  7 yaks
  A steam dragon (D:9)
  3 water moccasins (D:9)
  3 ice beasts
  3 wolves (Lair:2)
  An ogre (D:6)
  A kobold brigand (D:8)
  2 bullfrogs
  A wyvern zombie (D:6)
  A scorpion (D:9)
  A howler monkey (D:8)
  A hound (D:5)
  A bullfrog zombie (D:5)
  An orc priest (D:7)
  An iguana (D:5)
  A kobold (D:8)
34 creatures vanquished.

Vanquished Creatures (others)
  A knight (Lair:2)
  57 fungi
  56 plants
114 creatures vanquished.

Grand Total: 356 creatures vanquished

Notes
Turn   | Place    | Note
-------+----------+-------------------------------------------
     0 | D:1      | raph the Deep Elf Earth Elementalist began the quest for
                  | the Orb.
     0 | D:1      | Reached XP level 1. HP: 10/10 MP: 6/6
   183 | D:1      | Reached XP level 2. HP: 15/15 MP: 6/8
   390 | D:1      | Learned a level 2 spell: Passwall
   393 | D:1      | Found a faded altar of an unknown god.
   551 | D:1      | Found Riteakhlo's General Store.
   830 | D:1      | Bought 20 stones for 20 gold pieces
  1052 | D:2      | Identified the +6 dagger of Articulation {vorpal, rN+ Int-3
                  | Stlth+}
  1070 | D:2      | You fall into a shaft and drop 2 floors!
  1070 | D:4      | Found a staircase to the Ecumenical Temple.
  1086 | D:4      | Reached XP level 3. HP: 10/19 MP: 6/9
  1088 | D:4      | Reached skill level 4 in Earth Magic
  1257 | Temple   | Entered the Ecumenical Temple
  1390 | Temple   | Became a worshipper of Hepliaklqana the Forgotten
  1464 | D:4      | Learned a level 3 spell: Stone Arrow
  1864 | D:3      | Noticed an ogre
  2211 | D:3      | Reached XP level 4. HP: 15/24 MP: 3/11
  3043 | D:2      | Found a shimmering altar of Xom.
  3202 | D:2      | Noticed Robin
  3356 | D:2      | Killed Robin
  3563 | D:2      | Found a runed translucent door.
  3564 | D:2      | Noticed Crazy Yiuf
  3569 | D:2      | Killed Crazy Yiuf
  3570 | D:2      | Reached XP level 5. HP: 24/28 MP: 10/13
  3916 | D:3      | Killed an ogre
  3917 | D:3      | Reached skill level 1 in Fighting
  3917 | D:3      | Reached skill level 5 in Earth Magic
  4092 | D:3      | Noticed Grinder
  4791 | D:4      | Reached * piety under Hepliaklqana
  4793 | D:4      | Noticed a wyvern
  4797 | D:4      | Killed a wyvern
  4798 | D:4      | Reached XP level 6. HP: 30/30 MP: 8/15
  4823 | D:4      | Noticed Blork the orc
  4832 | D:4      | Killed Blork the orc
  4833 | D:4      | Reached skill level 5 in Spellcasting
  4833 | D:4      | Reached skill level 6 in Earth Magic
  4833 | D:4      | Reached XP level 7. HP: 34/34 MP: 6/16
  5176 | D:4      | Learned a level 2 spell: Corpse Rot
  5280 | D:4      | Found a basalt altar of Yredelemnul.
  5444 | D:5      | Entered Level 5 of the Dungeon
  5451 | D:5      | Found a shadowy altar of Dithmenos.
  5451 | D:5      | Found a sacrificial altar of Ru.
  5511 | D:5      | Found a broken altar of Ashenzari.
  5536 | D:5      | Reached skill level 5 in Stealth
  5584 | D:5      | Learned a level 4 spell: Petrify
  5750 | D:5      | Found a runed translucent gate.
  5753 | D:5      | Found a runed translucent gate.
  5756 | D:5      | Found a runed translucent gate.
  5789 | D:5      | Noticed diceflayer's ghost (novice MiFi)
  5816 | D:5      | Reached skill level 1 in Conjurations
  5816 | D:5      | Reached skill level 1 in Necromancy
  5858 | D:5      | Reached skill level 5 in Dodging
  5858 | D:5      | Reached XP level 8. HP: 39/39 MP: 13/18
  6021 | D:5      | Found a glowing golden altar of the Shining One.
  6025 | D:5      | Found an iron altar of Okawaru.
  6097 | D:5      | Found a blossoming altar of Fedhas.
  6097 | D:5      | Found a shimmering blue altar of Sif Muna.
  6097 | D:5      | Found an ornate altar of the Wu Jian Council.
  6099 | D:5      | Found an ancient bone altar of Kikubaaqudgha.
  6100 | D:5      | Found a radiant altar of Vehumet.
  6101 | D:5      | Found a sparkling altar of Nemelex Xobeh.
  6131 | D:5      | Reached ** piety under Hepliaklqana
  6132 | D:5      | Remembered your ancestor Lucia as a knight
  6144 | D:5      | Reached skill level 7 in Earth Magic
  6710 | D:6      | Reached skill level 1 in Evocations
  6865 | D:6      | Reached skill level 1 in Staves
  7401 | D:3      | Killed Grinder
  7402 | D:3      | Reached XP level 9. HP: 45/45 MP: 15/21
  7953 | D:7      | Found Seuxikk's Antique Armour Emporium.
  7960 | D:7      | Bought a distressingly furry helmet for 171 gold pieces
  7960 | D:7      | Identified the -5 helmet "Idut" {rElec} (You bought it in a
                  | shop on level 7 of the Dungeon)
  7960 | D:7      | Bought a dyed leather armour for 90 gold pieces
  8067 | D:7      | Found Noiripaf's Assorted Antiques.
  8145 | D:7      | Found Loxzaaph's Antique Weapon Shoppe.
  8654 | D:7      | Reached skill level 8 in Earth Magic
  8754 | D:7      | Found Dyone's Weapon Emporium.
  9441 | D:8      | Reached *** piety under Hepliaklqana
  9550 | D:8      | Reached skill level 5 in Necromancy
 10006 | D:8      | Found Pekk's Distillery.
 10012 | D:8      | Bought a potion of magic for 96 gold pieces
 10269 | D:8      | Bought a potion of might for 48 gold pieces
 10305 | D:9      | Reached XP level 10. HP: 50/50 MP: 20/24
 10741 | D:9      | Found a staircase to the Lair.
 10947 | D:9      | Noticed a two-headed ogre
 10952 | D:9      | Killed a two-headed ogre
 10953 | D:9      | Reached skill level 9 in Earth Magic
 11112 | D:9      | Noticed a two-headed ogre
 11116 | D:9      | Killed a two-headed ogre
 11385 | Lair:1   | Entered Level 1 of the Lair of Beasts
 11451 | Lair:1   | Noticed a cane toad
 11453 | Lair:1   | Reached **** piety under Hepliaklqana
 11460 | Lair:1   | Killed a cane toad
 11582 | Lair:1   | Noticed a black mamba
 11593 | Lair:1   | Killed a black mamba
 11594 | Lair:1   | Reached XP level 11. HP: 55/55 MP: 6/26
 11886 | Lair:1   | Noticed a six-headed hydra
 11892 | Lair:1   | Killed a six-headed hydra
 11893 | Lair:1   | Reached skill level 5 in Conjurations
 12746 | Lair:2   | Reached skill level 10 in Earth Magic
 13074 | D:1      | Bought 30 stones for 30 gold pieces
 13912 | Lair:2   | Reached skill level 5 in Evocations
 14002 | Lair:2   | Noticed a bog body
 14010 | Lair:2   | Killed a bog body
 14069 | Lair:2   | Noticed a bog body
 14075 | Lair:2   | Killed a bog body
 14076 | Lair:2   | Reached skill level 5 in Fighting
 14480 | Lair:2   | Reached skill level 5 in Staves
 14480 | Lair:2   | Reached XP level 12. HP: 61/61 MP: 9/27
 14973 | Lair:2   | Killed from afar by an electric eel

Illustrated notes

Levels and vault maps discovered:
D:1:      dpeg_arrival_ternary, layout_basic, serial_shops, shop,
          shapermc_ecumenical_altar_mp_urbaneastern
D:2:      kb_forest_paths, layout_basic, basic_altar, uniq_robin,
          uniq_crazy_yiuf_cottage
D:3:      layout_loops_ring, uniq_grinder
D:4:      layout_basic, lemuel_round_altar, minmay_temple_entry_large_hall,
          uniq_blork_the_orc
D:5:      layout_basic, minitemple, jmf_multi_god_temple,
          cheibrodos_ashenzari_chains, gammafunk_ghost_icy,
          hangedman_decor_opposing, minmay_between
D:6:      layout_gridville
D:7:      layout_loops_cross, serial_shops, nicolae_shop_overgrown_old_shop,
          shop, nicolae_shop_hallway_stairs, nicolae_shop_stone
D:8:      layout_basic, serial_shops, nicolae_square_shop,
          kennysheep_generic_room_16
D:9:      layout_loops_ring, due_lair_maze_entry_diamond
Temple:   eino_temple_lava
Lair:1:   layout_misc_corridors
Lair:2:   layout_hall_layers, nicolae_swamp_entry_splash_gauntlet,
          beast_lair_carwin_8, infiniplex_staircase_pool

Skill      XL: |  1  2  3  4  5  6  7  8  9 10 11 12 |
---------------+-------------------------------------+-----
Stealth        | 3 4 5 6 7 8 |  8.8
Earth Magic    | 4 5 6 7 8 9 10 | 10.6
Dodging        | 3 4 5 6 7 8 |  8.1
Spellcasting   | 4 5 6 8 9 |  9.6
Fighting       | 1 2 3 4 5 |  5.1
Conjurations   | 1 2 3 4 5 6 |  6.0
Necromancy     | 1 3 5 6 8 |  8.8
Evocations     | 1 3 4 5 |  5.3
Staves         | 1 2 3 5 |  5.1
Transmutations | |  1.5
Invocations    | |  0.6

Action                   |  1- 3 |  4- 6 |  7- 9 | 10-12 || total
-------------------------+-------+-------+-------+-------++-------
Melee: Short sword       |    31 |     5 |       |       ||    36
       Quarterstaff      |       |     1 |    12 |       ||    13
       Staff             |       |       |     8 |     7 ||    15
 Cast: Sandblast         |    29 |    55 |   112 |    94 ||   290
       Stone Arrow       |    10 |    10 |    26 |    79 ||   125
       Petrify           |       |       |     2 |    11 ||    13
       Passwall          |       |       |     1 |       ||     1
       Corpse Rot        |       |       |       |     3 ||     3
Invok: Ancestor Life: Kn |       |       |     1 |       ||     1
  Use: Scroll            |     5 |     3 |    10 |     4 ||    22
       Potion            |       |       |       |     1 ||     1
 Stab: Sleeping          |     2 |       |       |       ||     2
       Petrifying        |       |       |     1 |     1 ||     2
       Distracted        |       |       |       |     1 ||     1
       Petrified         |       |       |       |     1 ||     1
Armor: Robe              |     5 |     5 |    14 |       ||    24
       Leather armour    |       |       |    14 |    17 ||    31
Dodge: Dodged            |    38 |     9 |    44 |    42 ||   133
